 Dungeon Crawl Stone Soup version 0.28.0-53-g5a82cb258f (webtiles) character file.

Game seed: 13634334937338028732

3131 SanguineChosen the Basher (level 9, -4/55 HPs)
             Began as a Gargoyle Fighter on July 22, 2022.
             Was an Elder of Trog.
             Killed from afar by an orc wizard (10 damage)
             ... with a puff of flame
             ... on level 6 of the Dungeon.
             The game lasted 00:31:59 (9569 turns).

SanguineChosen the Basher (Gargoyle Fighter)        Turns: 9569, Time: 00:32:00

Health: -4/55      AC: 16    Str: 25      XL:     9   Next: 92%
Magic:  9/9        EV: 15    Int:  6 (8)  God:    Trog [****..]
Gold:   287        SH:  0    Dex:  8 (9)  Spells: 8/8 levels left

rFire   . . .      SeeInvis .   a - +4 flail
rCold   + . .      Faith    .   c - +0 buckler
rNeg    + . .      Spirit   .   w - +2 ring mail {rC+}
rPois   ∞          Reflect  +   (no helmet)
rElec   +          Harm     .   (no cloak)
rCorr   .          Rampage  .   i - +0 pair of gloves
Will    .....                   (no boots)
Stlth   ..........              f - amulet of reflection
HPRegen 0.18/turn               q - +4 ring of evasion
MPRegen 0.11/turn               (no ring)

@: confused, mighty, flying, studying Shields
A: sickness immunity, AC +6, negative energy resistance 1, electricity
resistance, torment resistance 1, petrification resistance
a: Renounce Religion, Berserk, Trog's Hand, Brothers in Arms


You were on level 6 of the Dungeon.
You worshipped Trog.
Trog was greatly pleased with you.
You visited 1 branch of the dungeon, and saw 7 of its levels.
You also visited: Sewer and Ossuary.

You collected 287 gold pieces.

Inventory:

Hand Weapons
 a - a +4 flail (weapon)
Missiles
 e - 15 poisoned darts (quivered)
 g - 3 boomerangs of dispersal
 v - a throwing net
Armour
 b - a +0 scale mail
 c - a +0 buckler (worn)
 i - a +0 pair of gloves (worn)
 w - a +2 ring mail of cold resistance (worn)
Jewellery
 f - an amulet of reflection (around neck)
 l - an amulet of the acrobat
 q - a +4 ring of evasion (left hand)
 x - an amulet of faith
Wands
 k - a wand of flame (1)
 s - a wand of acid (14)
 u - a wand of paralysis (9)
Scrolls
 j - 3 scrolls of teleportation
 p - a scroll of magic mapping
 r - a scroll of identify
Potions
 d - 3 potions of might
 n - a potion of resistance
 o - a potion of brilliance {unknown}
 t - a potion of haste
 z - a potion of mutation {unknown}


   Skills:
 + Level 6.0 Fighting
 + Level 9.1 Maces & Flails
 + Level 2.1 Throwing
 + Level 6.8 Armour
 + Level 3.1 Dodging
 + Level 2.3 Stealth
 + Level 7.9 Shields
 + Level 0.3 Evocations


You had 8 spell levels left.
You didn't know any spells.
Your spell library contained the following spells:

 Spells                   Type           Power      Damage    Failure   Level
 Dazzling Flash           Conj/Hex       0%         N/A       95%         3
 Gell's Gravitas          Tloc           0%         N/A       95%         3
 Lesser Beckoning         Tloc           0%         N/A       95%         3
 Teleport Other           Tloc           0%         N/A       95%         3
 Iskenderun's Mystic Bla  Conj/Tloc      0%         2d3       100%        4
 Starburst                Conj/Fire      0%         6d3       100%        6


Dungeon Overview and Level Annotations

Branches:
Dungeon (7/15)             Temple (0/1) D:5           Sewer (visited)
Ossuary (visited)

Altars:
Ashenzari
Fedhas
Hepliaklqana
Trog
Vehumet
Wu Jian
Xom
The Shining One

Shops:
D:2 (   D:5 (

Annotations:
D:6 3 runed translucent doors, exclusion: statue, dornbeast's ghost, novice GnNe


Innate Abilities, Weirdness & Mutations

You are immune to sickness and miasma.
Your stone body is resilient. (AC +6)
You are immune to poison.
You resist negative energy. (rN+)
You are resistant to electric shocks. (rElec)
You are resistant to unholy torment.
You are immune to petrification.


Message History

The orc wizard flickers and vanishes!
The hornet zombie hits you but does no damage.
The phantom barely misses you. Something hits you but does no damage.
In your confused state, you trip and fall back down the stairs.
* * * LOW HITPOINT WARNING * * *
Something barely misses you. The hornet zombie misses you.
A wyvern skeleton comes into view.
The phantom misses you. The orc closely misses you.
Something hits you but does no damage. x2
You hear some strange, mumbled words.
Something tries to affect you, but you resist.
The hornet zombie hits you!
* * * LOW HITPOINT WARNING * * *
The orc misses you. The phantom closely misses you.
You hear some strange, mumbled words.
Something tries to affect you, but you resist.
Something hits you but does no damage.
You climb upwards.
Level annotation: 3 runed translucent doors, exclusion: statue, dornbeast's ghost, novice GnNe Reactivating autopickup.
There is a stone staircase leading down here.
You are too confused!
You are too confused!
You are too confused!
You are too confused!
You are too confused!
You are too confused!
You are too confused!
It was a potion of flight.
You feel very buoyant.
You fly up into the air.
You feel less confused.
You hear some strange, mumbled words.
Deactivating autopickup; reactivate with Ctrl-A.
You are confused.
The yak gores you but does no damage. The phantom barely misses you.
You hear some strange, mumbled words.
A puff of flame appears from out of thin air!
The puff of flame hits you!
You die...

#.# ##..# ......#.# # #.#
#...# 8._.....##### #
#.###.#.# #.....# #
#.......#########.###.###
#####.#..................
#..........##.###.###
###D###...###.# #.#
##{####....... ..# #.{@#
#.####.#####
#.YYW{.......# ##
#.o.###.###### ##. #####
#.# ##.. #.# #..# #.#
##.## #.# ##..#. #######
#)# #####..##. #.....#
#)# #......#..


You could see a five-headed hydra, 2 yaks, a phantom and an orc.

Vanquished Creatures
  Grinder (D:5)
  Sigmund (D:5)
  Eustachio (D:5)
  2 wraiths (Ossuary)
  A water moccasin (D:6)
  A black bear (D:3)
  4 ice beasts
  An orc warrior (D:6)
  An ogre (D:6)
  A phantom (D:4)
  2 kobold brigands
  3 scorpions
  2 water moccasin skeletons
  7 wights
  A howler monkey (D:5)
  A bullfrog zombie (D:5)
  A centaur zombie (D:6)
  2 jellies (D:5)
  2 hounds (D:4)
  A bullfrog skeleton (D:6)
  2 orc priests (D:6)
  A gnoll shaman (D:6)
  A centaur skeleton (D:6)
  Jessica (D:2)
  Ijyb (D:4)
  2 orc wizards (D:6)
  2 hound skeletons
  7 gnolls
  10 adders
  2 river rats (Sewer)
  2 adder zombies (Ossuary)
  An adder skeleton (D:4)
  3 worms
  A dart slug (D:3)
  20 orcs
  8 endoplasms
  7 giant cockroaches
  7 hobgoblins
  9 jackals
  14 kobolds
  8 quokkas
  12 ball pythons
  2 ball python skeletons (Ossuary)
  4 bats
  11 frilled lizards
  6 goblins
  A hobgoblin skeleton (Ossuary)
  2 orc zombies (Ossuary)
  A quokka zombie (D:5)
  7 rats
  A rat zombie (D:5)
  A bush (D:2)
193 creatures vanquished.

Vanquished Creatures (others)
  8 plants
8 creatures vanquished.

Grand Total: 201 creatures vanquished

Notes
Turn   | Place    | Note
-------+----------+-------------------------------------------
     0 | D:1      | SanguineChosen the Gargoyle Fighter began the quest for the
                  | Orb.
     0 | D:1      | Reached XP level 1. HP: 14/14 MP: 1/1
    59 | D:1      | Reached XP level 2. HP: 15/19 MP: 2/2
   456 | D:1      | Reached XP level 3. HP: 19/23 MP: 3/3
  1287 | D:1      | Found a faded altar of an unknown god.
  1385 | D:2      | Noticed Jessica
  1403 | D:2      | Killed Jessica
  1404 | D:2      | Reached XP level 4. HP: 19/29 MP: 4/4
  1587 | D:2      | Found a shimmering altar of Xom.
  1784 | D:2      | Found Urrohuc's Weapon Shop.
  2496 | D:3      | Found a bloodstained altar of Trog.
  2505 | D:3      | Became a worshipper of Trog the Wrathful
  2648 | D:3      | Noticed a black bear
  2658 | D:3      | Killed a black bear
  2659 | D:3      | Reached skill level 3 in Maces & Flails
  2659 | D:3      | Reached XP level 5. HP: 15/33 MP: 5/5
  2871 | D:3      | You fall into a shaft and drop 1 floor!
  2887 | D:4      | Found a blossoming altar of Fedhas.
  2942 | D:4      | Noticed a phantom
  2967 | D:4      | Killed a phantom
  2968 | D:4      | Reached skill level 4 in Maces & Flails
  2968 | D:4      | Reached XP level 6. HP: 12/38 MP: 6/6
  3005 | D:4      | Found a glowing drain.
  3055 | Sewer    | Entered a sewer
  3539 | Sewer    | Reached * piety under Trog
  3683 | Sewer    | Reached XP level 7. HP: 42/43 MP: 7/7
  3711 | Sewer    | Reached skill level 1 in Dodging
  4085 | Sewer    | Reached skill level 5 in Armour
  4432 | Sewer    | Identified a scroll of acquirement
  4432 | Sewer    | Acquired a manual of Shields
  4676 | D:4      | Found a hazy altar of Hepliaklqana.
  4724 | D:4      | Noticed Ijyb
  4735 | D:4      | Killed Ijyb
  5963 | D:5      | Entered Level 5 of the Dungeon
  5964 | D:5      | Found a staircase to the Ecumenical Temple.
  5978 | D:5      | Reached ** piety under Trog
  5979 | D:5      | Reached skill level 5 in Maces & Flails
  6143 | D:5      | Found a sand-covered staircase.
  6150 | Ossuary  | Entered an ossuary
  6236 | Ossuary  | Noticed a flying skull
  6236 | Ossuary  | Noticed a wraith
  6243 | Ossuary  | Noticed a flying skull
  6249 | Ossuary  | Noticed a flying skull
  6281 | Ossuary  | Noticed a wraith
  6289 | Ossuary  | Killed a wraith
  6290 | Ossuary  | Reached XP level 8. HP: 35/48 MP: 8/8
  6388 | Ossuary  | Reached skill level 6 in Maces & Flails
  6527 | Ossuary  | Noticed a wraith
  6539 | Ossuary  | Killed a wraith
  6540 | Ossuary  | Reached skill level 5 in Shields
  6906 | D:5      | Noticed Grinder
  6908 | D:5      | Noticed Eustachio
  6912 | D:5      | Paralysed by Grinder for 5 turns
  6929 | D:5      | Paralysed by Grinder for 4 turns
  6944 | D:5      | Killed Grinder
  6945 | D:5      | Reached skill level 5 in Fighting
  6945 | D:5      | Reached skill level 7 in Maces & Flails
  6955 | D:5      | Killed Eustachio
  7190 | D:5      | Noticed Sigmund
  7210 | D:5      | Killed Sigmund
  7211 | D:5      | Reached skill level 1 in Throwing
  7211 | D:5      | Reached XP level 9. HP: 44/54 MP: 9/9
  7396 | D:5      | Found a transporter.
  7514 | D:5      | Found Toazxe's Weapon Boutique.
  7568 | D:5      | Found a transporter.
  7702 | D:5      | Reached *** piety under Trog
  8486 | D:6      | Reached skill level 8 in Maces & Flails
  8603 | D:6      | Found a runed translucent gate.
  8603 | D:6      | Found a runed translucent gate.
  8603 | D:6      | Found a runed translucent gate.
  8671 | D:6      | Noticed dornbeast's ghost (novice GnNe)
  8730 | D:6      | Found a broken altar of Ashenzari.
  9128 | D:6      | Found a radiant altar of Vehumet.
  9223 | D:6      | Reached **** piety under Trog
  9224 | D:6      | Reached skill level 9 in Maces & Flails
  9484 | D:6      | Noticed a five-headed hydra
  9558 | D:7      | Found a glowing golden altar of the Shining One.
  9558 | D:7      | Found an ornate altar of the Wu Jian Council.
  9569 | D:6      | Killed from afar by an orc wizard

Illustrated notes

Levels and vault maps discovered:
D:1:      matt_arrival_debris, layout_basic, serial_curves, eino_curves_02,
          eino_curves_01, shapermc_ecumenical_altar_hornbeckon,
          kennysheep_another_room, minmay_lizard_king
D:2:      layout_loops_ring, basic_altar, serial_forest,
          infiniplex_forest_clump_diagonal, infiniplex_forest_lined_room_2,
          infiniplex_forest_straight_3, infiniplex_forest_lined_room_3,
          infiniplex_forest_clump_long, serial_shops,
          nicolae_shop_bloodbath_and_beyond, uniq_jessica
D:3:      layout_loops_cross, lemuel_round_altar, grunt_ministairs_10,
          st_stairs_12
D:4:      layout_loops_corners, nzn_hepliaklqana_mist_gate,
          mainiacjoe_overflow_alcove_1, serial_glass, glass_columns_b,
          glass_columns_a, glass_columns_a, glass_columns_a, glass_columns_a,
          glass_columns_a, glass_columns_b, glass_columns_a,
          gup_sewer_entry_pipe, uniq_ijyb
D:5:      gammafunk_cloud_chamber, layout_basic, minmay_temple_entry_arrows,
          enter_ossuary_4, serial_shops, kennysheep_mini_moat, uniq_grinder,
          uniq_eustachio, uniq_sigmund
D:6:      layout_loops_corners, ashenzari_conservatory_becter, vehumet_statue,
          gammafunk_ghost_icy
D:7:      layout_rooms, chequers_temple_overflow_statue_of_worship

Skill      XL: |  1  2  3  4  5  6  7  8  9 |
---------------+----------------------------+-----
Armour         | 4 5 6 |  6.8
Fighting       | 4 5 6 |  6.0
Maces & Flails | 3 4 5 7 9 |  9.1
Shields        | 4 6 7 |  7.9
Stealth        | 2 |  2.3
Dodging        | 1 2 3 |  3.1
Throwing       | 1 2 |  2.1
Evocations     | |  0.3

Action                   |  1- 3 |  4- 6 |  7- 9 || total
-------------------------+-------+-------+-------++-------
Melee: Flail             |    97 |   264 |   484 ||   845
Throw: Dart              |     4 |     1 |    18 ||    23
       Boomerang         |       |       |     1 ||     1
Evoke: Wand              |       |       |     4 ||     4
  Use: Scroll            |       |       |    15 ||    15
       Potion            |       |       |    13 ||    13
Armor: Scale mail        |    58 |   134 |   139 ||   331
       Ring mail         |       |       |    53 ||    53
Dodge: Dodged            |    45 |   109 |   287 ||   441
Block: Buckler           |    25 |    53 |   206 ||   284
       Reflection        |       |       |     1 ||     1
